 Dungeon Crawl Stone Soup version 0.31.0-12-g77e489cdc1 (webtiles) character file.

Game seed: 16416813084594614443

312 Metae the Shield-Bearer (level 6, -3/49 HPs)
             Began as a Formicid Fighter on Mar 1, 2024.
             Killed from afar by an orc wizard (7 damage)
             ... with a magic dart
             ... on level 3 of the Dungeon.
             The game lasted 00:08:28 (2409 turns).

Metae the Shield-Bearer (Formicid Fighter)          Turns: 2409, Time: 00:08:28

Health: -3/49      AC:  9    Str: 23    XL:     6   Next: 70%
Magic:  6/6        EV:  8    Int:  7    God:
Gold:   98         SH:  5    Dex: 13    Spells: 5/5 levels left

rFire   . . .        a - +0 rapier
rCold   . . .        c - +0 buckler
rNeg    . . .        i - +0 chain mail
rPois   +            (helmet unavailable)
rElec   .            (no cloak)
rCorr   .            (no gloves)
SInv    +            (no boots)
Will    .....        (no amulet) Stlth
                     g - ring of poison resistance
HPRegen 0.28/turn    (no ring)
MPRegen 0.10/turn

%: no passive effects
@: no status effects
A: permanent stasis, dig shafts and tunnels, antennae 3, four strong arms
a: Dig, Shaft Self


You were on level 3 of the Dungeon.
You visited 1 branch of the dungeon, and saw 3 of its levels.

You collected 98 gold pieces.

Inventory:

Hand Weapons
 a - a +0 rapier (weapon)
Missiles
 o - 3 poisoned darts
Armour
 b - a +0 scale mail
 c - a +0 buckler (worn)
 i - a +0 chain mail (worn)
 q - a +0 cloak
Jewellery
 g - a ring of poison resistance (left hand)
 p - a ring of ice
Scrolls
 e - 2 scrolls of vulnerability {unknown}
 f - a scroll of blinking {unknown}
 j - a scroll of poison {unknown}
 l - a scroll of amnesia {unknown}
 m - 2 scrolls of acquirement {unknown}
 n - a scroll of identify {unknown}
Potions
 d - a potion of might
 h - a potion of heal wounds {unknown}
 k - a potion of curing {unknown}


   Skills:
 + Level 4.5 Fighting
 + Level 3.3 Short Blades
 + Level 4.5 Armour
 + Level 3.2 Stealth
 + Level 5.4 Shields


You had 5 spell levels left.
You didn't know any spells.
Your spell library contained the following spells:

 Spells                   Type           Power      Damage    Failure   Level
 Cigotuvi's Dreadful Rot  Necr/Alch/Air  0%         N/A       99%         2
 Dispel Undead            Necr           0%         3d6       100%        4
 Martyr's Knell           Necr/Summ      0%         N/A       100%        4
 Death Channel            Necr           0%         N/A       100%        6


Dungeon Overview and Level Annotations

Branches:
Dungeon (3/15)

Altars:


Innate Abilities, Weirdness & Mutations

You cannot be hasted, slowed, berserked, paralysed or teleported.
You can dig through walls and to a lower floor.
You have a pair of large antennae on your head. (SInv)
Your four strong arms can wield two-handed weapons with a shield.


Message History

You block the quokka's attack.
The quokka bites you but does no damage.
The orc hits you but does no damage.
An orc wizard comes into view. It is wielding a +0 dagger.
The orc wizard shouts!
The orc wizard points at you and mumbles some strange words.
The puff of flame hits you.
* * * LOW HITPOINT WARNING * * *
You see here 4 stones.
You barely miss the quokka. You block the quokka's attack.
The orc hits you but does no damage.
You hit the quokka.
You kill the quokka!
An orc wizard comes into view. It is wielding a +0 dagger.
The orc wizard points at you and mumbles some strange words.
The puff of flame hits you!
* * * LOW HITPOINT WARNING * * *
The orc closely misses you.
You barely miss the hobgoblin. The hobgoblin closely misses you.
The orc hits you with a +0 dagger.
* * * LOW HITPOINT WARNING * * *
You closely miss the hobgoblin. You block the hobgoblin's attack.
The orc hits you but does no damage.
You hit the hobgoblin but do no damage. The orc hits you but does no damage.
You block the hobgoblin's attack. You block the orc's attack.
The orc wizard hits you with a +0 dagger.
* * * LOW HITPOINT WARNING * * *
The hobgoblin completely misses you. The orc barely misses you.
You closely miss the hobgoblin. The orc barely misses you.
The orc wizard closely misses you.
The orc wizard mumbles some strange words.
The orc wizard flickers and vanishes for a moment.
The orc hits you but does no damage. The hobgoblin barely misses you.
You completely miss the hobgoblin. The orc hits you but does no damage.
The orc wizard hits you but does no damage.
You block the hobgoblin's attack. The orc hits you but does no damage.
You hit the hobgoblin but do no damage. You block the orc's attack.
The orc wizard casts a spell at you. The magic dart hits you!
You die...

# #### #. ..$#
...#######...###
....!...........
.......o@.......
...##.ogo.....#
##.o##...###
#.........#
#.†..##...#
#...## ...#
#>..# ..#
.....,{ ...
##...#


You could see 2 orc wizards, 2 orcs and a hobgoblin.

Vanquished Creatures
  Sigmund (D:2)
  Crazy Yiuf (D:2)
  Robin (D:1)
  5 adders
  3 dart slugs
  4 ball pythons
  3 bats (D:2)
  5 endoplasms
  7 giant cockroaches
  12 goblins
  8 hobgoblins
  2 quokkas
  3 frilled lizards
  3 kobolds
  4 rats
62 creatures vanquished.

Notes
Turn   | Place    | Note
-------+----------+-------------------------------------------
     0 | D:1      | Metae the Formicid Fighter began the quest for the Orb.
     0 | D:1      | Reached XP level 1. HP: 18/18 MP: 1/1
    51 | D:1      | Reached XP level 2. HP: 24/24 MP: 2/2
   219 | D:1      | Reached skill level 1 in Stealth
   294 | D:1      | Reached XP level 3. HP: 28/29 MP: 3/3
   745 | D:2      | Noticed Robin
   795 | D:1      | Killed Robin
   796 | D:1      | Reached XP level 4. HP: 5/37 MP: 4/4
  1263 | D:2      | Noticed Sigmund
  1281 | D:2      | Killed Sigmund
  1282 | D:2      | Reached skill level 5 in Shields
  1282 | D:2      | Reached XP level 5. HP: 31/43 MP: 5/5
  1282 | D:2      | Reached XP level 6. HP: 36/49 MP: 6/6
  1666 | D:2      | Found a runed translucent door.
  1667 | D:2      | Noticed Crazy Yiuf
  1691 | D:2      | Killed Crazy Yiuf
  2409 | D:3      | Killed from afar by an orc wizard

Illustrated notes

Levels and vault maps discovered:
D:1:      minmay_arrival_cross, layout_basic, minmay_misc_feat_room,
          serial_bayou_lagoon_a
D:2:      layout_basic, kennysheep_generic_room_12, uniq_robin, uniq_sigmund,
          uniq_crazy_yiuf_cottage
D:3:      layout_loops_ring, lemuel_crystal_altar, amcnicky_altar_gilded,
          hellmonk_ecumenical_altar_pennies_from_heaven, minmay_lizard_king

Skill      XL: |  1  2  3  4 |
---------------+-------------+-----
Stealth        | 1 3 |  3.2
Fighting       | 4 |  4.5
Short Blades   | 3 |  3.3
Armour         | 4 |  4.5
Shields        | 5 |  5.4

Action                     |  1- 3 |  4- 6 || total
---------------------------+-------+-------++-------
  Melee: Rapier            |   138 |   164 ||   302
 Armour: Scale mail        |    58 |       ||    58
         Chain mail        |    42 |   168 ||   210
  Dodge: Dodged            |    59 |   102 ||   161
  Block: Buckler           |    47 |    69 ||   116
